AoeStats
← tolgaeroglu1414

Arena

509888313Analyzed
1v1 RM · 4d ago on Sep 28, 2026· 34m 31s· 2 players
Game mode
Random Map
Map size
Tiny (2 player)
Population
200
Speed
Normal
Resources
Standard
Victory
Conquest
Starting age
Dark Age
Ending age
Imperial Age
RankedLock teamsTeams togetherTeam positionsShared explorationLock speedFull tech treeHidden civsTurbo modeCheats
Victory
Defeat
🇹🇷 Inca · Türkiye
671
+13
🇺🇸 Turks · United States
596
-13
tolgaeroglu1414
9:40 Feudal Age
10:07 Double-Bit Axe
10:06 Horse Collar
16:53 Castle Age
15:42 Stone Mining
16:23 Gold Mining
17:42 Heavy Plow
18:00 Bow Saw
17:54 Heavy Plow
27:36 Imperial Age
33:45 Forging
34:45 Crop Rotation
dmunana
10:00 Loom
11:48 Feudal Age
16:36 Castle Age
14:40 Double-Bit Axe
14:43 Horse Collar
21:54 Padded Archer Armor
24:52 Bow Saw
Connection lost

Rejoining the realm…

Still unreachable

The connection could not be restored.

Session expired

The server has moved on; the page needs a fresh start.